[Event "*** Titled Tuesday Blitz"]
[Site "Chess.com"]
[Date "2020.05.19"]
[Round "6"]
[White "Hasangatin_Ramil"]
[Black "Khamrakulov_Djurabek"]
[Result "1-0"]
[WhiteElo "2600"]
[BlackElo "2786"]
[TimeControl "180+1"]
[EndTime "13:09:41 PDT"]
[Termination "Hasangatin_Ramil won on time"]

1. e4 c6 2. d4 d5 3. Nd2 dxe4 4. Nxe4 Bf5 5. Ng3 Bg6 6. Bc4 e6 7. N1e2 Bd6 8. Nf4 Nf6 9. c3 Qc7 10. Qf3 Nbd7 11. Bb3 O-O-O 12. Nxg6 hxg6 13. Bg5 Bxg3 14. fxg3 Rh5 15. h4 Rf8 16. O-O-O Nd5 17. Rhe1 Qd6 18. Kb1 N5f6 19. c4 Rhh8 20. Bf4 Qb4 21. d5 e5 22. dxc6 exf4 23. cxd7+ Nxd7 24. Qxf4 f5 25. Qd6 Qxd6 26. Rxd6 Rf6 27. Rxf6 Nxf6 28. Re7 Nh5 29. g4 fxg4 30. c5 Nf4 31. g3 Nh5 32. Be6+ Kb8 33. Bxg4 Nxg3 34.
Bf3 Rxh4 35. Rxb7+ Kc8 36. Rxg7 Nf5 37. Rxa7 Nd4 38.
Bd1 Rh1 39. Kc1 g5 40. Rg7 Rg1 41. b4 Nf5 42. Rg8+ Kd7 43. Kd2 Kc6 44. a4 Kd5 45. Bf3+ Kc4 46. c6 Ne7 47. c7 Kxb4 48. Re8 1-0

[Event "*** Titled Tuesday Blitz"]
[Site "Chess.com"]
[Date "2020.05.19"]
[Round "6"]
[White "esskeettit"]
[Black "Chessmatus"]
[Result "0-1"]
[WhiteElo "2314"]
[BlackElo "2486"]
[TimeControl "180+1"]
[EndTime "13:09:41 PDT"]
[Termination "Chessmatus won by checkmate"]

1. d4 Nf6 2. c4 g6 3. Nc3 d5 4. cxd5 Nxd5 5. e4 Nxc3 6. bxc3 Bg7 7. Be3 c5 8. Nf3 Bg4 9. Be2 O-O 10. O-O Nd7 11.
Rc1 Qa5 12. Qb3 Rab8 13. Bf4 e5 14. dxe5 Bxf3 15. Bxf3 Bxe5 16. Bh6 Rfe8 17. Rfd1 Qc7 18. h3 c4 19. Qb5 Nf6 20. Be2 Rbc8 21. Be3 Nxe4 22.
Bd4 Nxc3 23. Bxc3 Bxc3 24. Bg4 f5 25. Bxf5 gxf5 26. Rxc3 Re5 27. Rg3+ Kh8 28. Qa4 b5 29. Qa6 Rf8 30. Qh6 Qf7 31. Rd7 Re7 32. Rd2 f4 33. Rg4 f3 34. gxf3 Re1+ 35. Kh2 c3 36.
Rc2 b4 37. Qg5 a5 38. a3 b3 39. Rxc3 b2 40. Qd2 b1=Q 41. Qd4+ Qf6 42. Rc8 Rh1+ 43. Kg2 Qg1# 0-1

[Event "*** Titled Tuesday Blitz"]
[Site "Chess.com"]
[Date "2020.05.19"]
[Round "6"]
[White "gross-aleks"]
[Black "Grandelicious"]
[Result "0-1"]
[WhiteElo "2574"]
[BlackElo "2760"]
[TimeControl "180+1"]
[EndTime "13:09:42 PDT"]
[Termination "Grandelicious won by resignation"]

1. c4 e6 2. Nf3 d5 3. e3 Nf6 4. b3 b6 5. Bb2 Bb7 6. cxd5 exd5 7. Be2 Bd6 8. O-O O-O 9. a3 Nbd7 10. Qc2 Qe7 11.
d3 c5 12. Nbd2 Rac8 13. Rfe1 Ng4 14. Bf1 Rfe8 15. g3 Nge5 16. Bg2 Ba6 17. Nxe5 Nxe5 18. Bxe5 Bxe5 19. Rad1 Qd7 20. a4 Red8 21. Qb1 Qf5 22. Bf1 Bc3 23. Qc2 Bb4 24. e4 Qd7 25. e5 b5 26. axb5 Bxb5 27. Re3 a5 28. Nf3 a4 29. e6 fxe6 30. Bh3 Re8 31. Ng5 axb3 32. Qe2 Rc6 33. Nxe6 c4 34. Nf4 Rxe3 35. Qxe3 Qd8 36.
dxc4 Bxc4 37. Nxd5 Kh8 38. Nc3 Qf8 39. Ne4 b2 40.
Rb1 Ba3 41. Bf1 Ba2 42. Rd1 b1=Q 43. Rxb1 Bxb1 44. Ng5 Bg6 45. h4 Bc5 46. Qf3 Rf6 47.
Qb3 Rxf2 0-1

[Event "*** Titled Tuesday Blitz"]
[Site "Chess.com"]
[Date "2020.05.19"]
[Round "6"]
[White "martabartel"]
[Black "ClassyEl"]
[Result "0-1"]
[WhiteElo "2310"]
[BlackElo "2481"]
[TimeControl "180+1"]
[EndTime "13:09:42 PDT"]
[Termination "ClassyEl won by resignation"]

1. d4 Nf6 2. Nf3 e6 3. g3 b6 4. Bg2 Bb7 5. O-O Be7 6. b3 O-O 7. Bb2 c5 8. dxc5 Bxc5 9. c4 d5 10. Ne5 Nc6 11. Nxc6 Bxc6 12. Nc3 Rc8 13. cxd5 exd5 14.
Na4 Bxa4 15. bxa4 d4 16. Qd3 Qd6 17. Rfd1 Rfd8 18. Rac1 h6 19. Qb5 Qe6 20. a5 Qxa2 21.
axb6 Bxb6 22. Bb7 Rxc1 23. Rxc1 Qe6 24. Qd3 Nd7 25. Ba3 Ne5 26. Qe4 d3 27. exd3 Nxd3 28.
Qxe6 fxe6 29. Rc2 Nxf2 30. Kg2 Ng4 31. Kf3 h5 32. h3 Rd3+ 33. Ke4 Re3+ 34. Kf4 Rxa3 35.
hxg4 Ra4+ 36. Ke5 Rxg4 37. Be4 Rg5+ 38. Kxe6 Rc5 39. Rxc5 Bxc5 40. Bc6 Bf2 41. g4 hxg4 42.
Kf5 g3 43. Kg4 Kf7 44. Kf3 Kf6 45. Kg2 a5 46. Kf3 Ke5 0-1

[Event "*** Titled Tuesday Blitz"]
[Site "Chess.com"]
[Date "2020.05.19"]
[Round "6"]
[White "EugeneRougon"]
[Black "Shukh_Nikolay"]
[Result "0-1"]
[WhiteElo "2742"]
[BlackElo "2544"]
[TimeControl "180+1"]
[EndTime "13:09:43 PDT"]
[Termination "Shukh_Nikolay won by resignation"]

1. e4 e5 2. Nf3 Nc6 3. Bb5 a6 4. Ba4 Nf6 5. O-O Nxe4 6. d4 b5 7. Bb3 d5 8. dxe5 Be6 9. c3 Nc5 10. Be3 Be7 11. Nbd2 Bg4 12. h3 Bh5 13. g4 Bg6 14. Nd4 Nxd4 15. cxd4 Nxb3 16. axb3 h5 17. f4 hxg4 18. f5 Bg5 19. fxg6 Bxe3+ 20. Kg2 Qh4 21. Qxg4 Qxg4+ 22. hxg4 Bxd2 23. Rxf7 O-O-O 24. Rxa6 Kb7 25. Re6 Bh6 26. Ree7 Rc8 27. Kg3 Rhe8 28. Kh4 Rxe7 29.
Rxe7 Be3 30. Rxg7 Bxd4 31. Re7 Bxb2 32. g7 Rd8 33. Kh5 d4 34. Rd7 Re8 35. Kg6 Kc6 36. Rf7 Ba3 37. e6 d3 38. e7 d2 39. Rf8 d1=Q 40. g8=Q Qxg4+ 41. Kf7 Qxg8+ 42. Kxg8 Rxf8+ 43. exf8=Q Bxf8 44. Kxf8 Kc5 45. Ke7 Kb4 46. Kd7 Kxb3 47. Kxc7 b4 0-1

[Event "*** Titled Tuesday Blitz"]
[Site "Chess.com"]
[Date "2020.05.19"]
[Round "6"]
[White "Skatchkov_V"]
[Black "PowerThinking2650"]
[Result "1-0"]
[WhiteElo "2552"]
[BlackElo "2305"]
[TimeControl "180+1"]
[EndTime "13:09:43 PDT"]
[Termination "Skatchkov_V won on time"]

1. Nf3 Nf6 2. g3 g6 3. Bg2 Bg7 4. O-O O-O 5. d4 d6 6. c4 Nbd7 7. Nc3 e5 8. e4 exd4 9. Nxd4 Re8 10. h3 Nc5 11. Re1 a5 12. Qc2 Bd7 13. Be3 Qc8 14.
Kh2 Re5 15. g4 Bxg4 16. hxg4 Nxg4+ 17. Kg1 Nxe3 18. Rxe3 Rg5 19. Nde2 c6 20. Rd1 Qc7 21. Rg3 Rxg3 22. Nxg3 Ne6 23. Qd2 Be5 24. Nge2 Qb6 25. b3 g5 26. Bf3 Kg7 27. Bg4 h6 28. Kg2 Rh8 29. Rh1 Bf4 30. Qd3 Be5 31. Bxe6 fxe6 32. Qh3 Kf6 33. Qh5 Qd8 34. Rh3 Ke7 35. Rf3 Rf8 36.
Qxh6 Rxf3 37. Kxf3 Qg8 38. Kg4 Qf7 39. Qxg5+ Bf6 40.
Qh5 Qg7+ 41. Kf3 Bxc3 42. Nf4 Bf6 43. Qh3 Qf7 44. Ke2 1-0

[Event "*** Titled Tuesday Blitz"]
[Site "Chess.com"]
[Date "2020.05.19"]
[Round "6"]
[White "dosto07"]
[Black "ErikBlomqvist"]
[Result "1-0"]
[WhiteElo "2161"]
[BlackElo "2265"]
[TimeControl "180+1"]
[EndTime "13:09:43 PDT"]
[Termination "dosto07 won on time"]

1. e4 c5 2. Nf3 e6 3. c3 d5 4. exd5 Qxd5 5. d4 Nf6 6. Be3 cxd4 7. cxd4 Bb4+ 8. Nc3 O-O 9. Bd3 b6 10. O-O Bxc3 11.
bxc3 Ba6 12. Bxa6 Nxa6 13. Ne5 Rac8 14. Qa4 Qb7 15. c4 Rfd8 16. Rfd1 Ne4 17. Rac1 Nd6 18. c5 bxc5 19. dxc5 Qb5 20. Qf4 Nf5 21. Rxd8+ Rxd8 22. c6 f6 23. Nf3 Qxc6 24. g4 Nxe3 25. Qxe3 Qd7 26.
h3 Nb4 27. Re1 e5 28. a3 Nd5 29. Qb3 Kh8 30. Rd1 Qc6 31. Nh4 g6 32. Ng2 Rd7 33. Ne3 Nf4 34. Rxd7 Qxd7 35. Qb8+ Kg7 36. Kh2 Qd2 37.
Kg3 Ne2+ 38. Kf3 Nf4 39. Qxa7+ Kh6 40. Qe7 Qd4 41. Qf8+ Kg5 42. h4+ Kxh4 43. Qh6+ Nh5 44. gxh5 g5 45. Qxf6 Qe4+ 46. Kxe4 1-0

[Event "*** Titled Tuesday Blitz"]
[Site "Chess.com"]
[Date "2020.05.19"]
[Round "6"]
[White "Pedrada88"]
[Black "CrushingKings"]
[Result "0-1"]
[WhiteElo "2353"]
[BlackElo "2506"]
[TimeControl "180+1"]
[EndTime "13:09:44 PDT"]
[Termination "CrushingKings won by checkmate"]

1. Nf3 g6 2. d4 Bg7 3. e4 c6 4. Be3 d5 5. e5 Bg4 6. h3 Bxf3 7.
Qxf3 f6 8. exf6 Nxf6 9. Bd3 Nbd7 10. Nd2 e5 11. Qg3 O-O 12. O-O-O exd4 13. Bxd4 Ne4 14. Nxe4 Bxd4 15. Ng5 Be5 16. Qg4 Bf4+ 17. Kb1 Bxg5 18. h4 Bf6 19. h5 Ne5 20. Qe6+ Kg7 21. hxg6 hxg6 22. Be2 Qd7 23. Qxd7+ Nxd7 24. c4 d4 25. b4 Nb6 26. Kc2 Na4 27. Bd3 Rh8 28. Rxh8 Rxh8 29. Re1 Kf7 30. f4 Rh2 31. Be4 Nc3 32. Bf3 Nxa2 33. Kb3 Nc3 34. Bg4 Rxg2 35. Be6+ Kg7 36. Bc8 b5 37. cxb5 cxb5 38. Re8 d3 39. Bb7 d2 40.
Bf3 Rf2 41. Bg4 Rxf4 42. Bd1 Nxd1 43. Ra8 Nc3 44. Rxa7+ Kh6 45. Ra1 d1=Q+ 46. Rxd1 Nxd1 47. Kc2 Rxb4 48. Kd3 Rc4 49. Kd2 b4 50. Kd3 Ne3 51.
Kd2 Rc8 52. Kd3 b3 53. Kxe3 b2 54. Ke4 b1=Q+ 55. Kd5 Qf5+ 56. Kd6 Qe5+ 57. Kd7 Qe7+ 58. Kxc8 Kg5 59. Kb8 Be5+ 60. Kc8 Qc7# 0-1

[Event "*** Titled Tuesday Blitz"]
[Site "Chess.com"]
[Date "2020.05.19"]
[Round "6"]
[White "MateSchmate"]
[Black "Volodar_Murzin"]
[Result "1-0"]
[WhiteElo "2553"]
[BlackElo "2740"]
[TimeControl "180+1"]
[EndTime "13:09:45 PDT"]
[Termination "MateSchmate won by resignation"]

1. e4 c6 2. Bc4 d5 3. Bb3 dxe4 4. Qh5 e6 5. Nc3 Nf6 6. Qh4 Nbd7 7. Nxe4 Nxe4 8.
Qxe4 Nc5 9. Qe3 Be7 10. Nf3 O-O 11. O-O a5 12. d4 Nxb3 13. axb3 g6 14. c4 Bf6 15.
Bd2 Bd7 16. Bc3 Bg7 17. Ne5 Qc7 18. Rfd1 Rfd8 19. Qd2 Be8 20. Qe1 b6 21. Qe4 b5 22.
h4 b4 23. Be1 c5 24. f4 cxd4 25.
Rxd4 Rxd4 26. Qxd4 Rd8 27. Qe3 h5 28. Bf2 Rb8 29.
Kh2 Ra8 30. g3 a4 31. bxa4 Rxa4 32. Rxa4 Bxa4 33. Qc5 Qxc5 34. Bxc5 Bf8 35. Bxf8 Kxf8 36. Kg2 Ke7 37. Kf3 Be8 38. Nd3 b3 39. Nc5 Kd6 40.
Nxb3 Ba4 41. Nd2 Kc5 42. b3 Bc6+ 43. Ke3 Kb4 44. Kd4 f6 45. Ne4 Kxb3 46. Nxf6 Kc2 47. Ng8 Kd2 48. Ne7 Be8 49. c5 Ke2 50. c6 Bxc6 51.
Nxc6 Kf3 52. Ne5+ Kxg3 53. Nxg6 Kg4 54. Ke5 Kf3 55. Kxe6 1-0

[Event "*** Titled Tuesday Blitz"]
[Site "Chess.com"]
[Date "2020.05.19"]
[Round "6"]
[White "GMKrikor"]
[Black "Fusikk"]
[Result "1/2-1/2"]
[WhiteElo "2760"]
[BlackElo "2597"]
[TimeControl "180+1"]
[EndTime "13:09:46 PDT"]
[Termination "Game drawn by repetition"]

1. Nf3 d5 2. c4 c6 3. e3 Nf6 4.
Nc3 e6 5. b3 Nbd7 6. Bb2 Bd6 7.
Qc2 O-O 8. Be2 a6 9. d4 Qe7 10. O-O b5 11. e4 b4 12. e5 bxc3 13.
exd6 Qxd6 14. Bxc3 c5 15. dxc5 Qxc5 16. Rac1 dxc4 17.
Bxc4 Bb7 18. Qe2 Qh5 19. Ne5 Qxe2 20. Bxe2 Nb6 21. Ba5 Nbd5 22. Rfd1 Rfc8 23. f3 Kf8 24. Kf2 Ke7 25. Bc4 Nd7 26. Nxd7 Kxd7 27. Bd3 Ke8 28. h4 g6 29. h5 Nf4 30. Bf1 Nxh5 31. a4 Nf6 32. b4 Nd5 33. b5 axb5 34. Bxb5+ Ke7 35. Bd2 Rxc1 36. Rxc1 Ba6 37. Bc6 Rc8 38. Bxd5 Rxc1 39.
Bxc1 exd5 40. Bb2 Ke6 41. Bd4 f6 42. g4 h5 43. Kg3 hxg4 44. fxg4 f5 45. g5 Bc4 46. Kf4 Ba6 47. a5 Bc4 48. Be5 Ba6 49.
Bd4 Bc4 50. Be5 Ba6 51. Bd4 1/2-1/2

[Event "*** Titled Tuesday Blitz"]
[Site "Chess.com"]
[Date "2020.05.19"]
[Round "6"]
[White "miruna_daria28"]
[Black "MergenKakabaev"]
[Result "1/2-1/2"]
[WhiteElo "2277"]
[BlackElo "2444"]
[TimeControl "180+1"]
[EndTime "13:09:46 PDT"]
[Termination "Game drawn by repetition"]

1. e4 e5 2. Nf3 Nc6 3. Bb5 a6 4. Ba4 Nf6 5. d3 b5 6. Bb3 Be7 7. O-O d6 8. Nc3 Bg4 9. Be3 Na5 10. h3 Nxb3 11. axb3 Bh5 12. Nd5 Nxd5 13. exd5 f5 14. b4 O-O 15. Qc1 Bxf3 16. gxf3 f4 17. Bd2 Qe8 18. Kh2 Qh5 19. Qd1 Rf6 20. Rh1 Rg6 21. Qe2 Rf8 22. Rag1 Rff6 23. Rg4 Qf5 24. Rhg1 Rxg4 25.
Rxg4 h5 26. Rg1 Rg6 27. Ra1 Bh4 28. Rxa6 Kh7 29. Ra7 Qf7 30. Rb7 Qxd5 31. Rb8 Qa2 32. Bc3 Qb1 33. Be1 Qxb2 34. Qe4 Qxc2 35. Rh8+ Kxh8 36.
Qxg6 Bxf2 37. Qe8+ Kh7 38. Qxh5+ Kg8 39. Qe8+ Kh7 40.
Qh5+ Kg8 41. Qe8+ Kh7 42. Qh5+ 1/2-1/2

[Event "*** Titled Tuesday Blitz"]
[Site "Chess.com"]
[Date "2020.05.19"]
[Round "6"]
[White "Bathory44"]
[Black "Majesth"]
[Result "1-0"]
[WhiteElo "2586"]
[BlackElo "2457"]
[TimeControl "180+1"]
[EndTime "13:09:47 PDT"]
[Termination "Bathory44 won by checkmate"]

1. e4 e6 2. d4 d5 3. Nd2 dxe4 4. Nxe4 Nd7 5. Nf3 Ngf6 6. Nxf6+ Nxf6 7. Bc4 c5 8. O-O cxd4 9. Qe2 Bc5 10. Rd1 O-O 11. Bg5 Qc7 12. Bxf6 gxf6 13. Nxd4 Qf4 14.
g3 Qe5 15. Qg4+ Qg5 16. Qe4 Qe5 17. Qg4+ Qg5 18. Qe2 Qe5 19. Qd2 Rd8 20. c3 Bxd4 21. cxd4 Qg5 22. Qb4 b6 23. Qe7 Bd7 24. d5 e5 25. d6 Qg7 26. Rac1 Bg4 27. f3 Bxf3 28. Rf1 Bg4 29. Rxf6 Rf8 30. Rcf1 Bh5 31. d7 Bg6 32. Qxe5 Rad8 33. Qd6 Qh6 34. Qd4 Qg7 35. R1f4 Qh6 36. h4 Qg7 37. g4 h5 38. g5 Kh7 39. Bd3 b5 40. Bxg6+ fxg6 41. Rxf8 Rxf8 42. Qxg7+ Kxg7 43. Rxf8 Kxf8 44. d8=Q+ Kf7 45. Qc7+ Kg8 46. Qxa7 Kh8 47. Qb6 Kh7 48. Qxb5 Kg8 49. Qd7 Kh8 50. a4 Kg8 51. a5 Kh8 52. a6 Kg8 53. a7 Kh8 54. a8=Q# 1-0

[Event "*** Titled Tuesday Blitz"]
[Site "Chess.com"]
[Date "2020.05.19"]
[Round "6"]
[White "WonderChampion"]
[Black "Mbneu"]
[Result "0-1"]
[WhiteElo "1928"]
[BlackElo "2233"]
[TimeControl "180+1"]
[EndTime "13:09:47 PDT"]
[Termination "Mbneu won by resignation"]

1. e4 c5 2. Nf3 Nf6 3. e5 Nd5 4.
c3 b6 5. Bc4 Bb7 6. O-O g6 7. Qb3 e6 8. d4 Nc6 9. Bxd5 Na5 10.
Qc2 Bxd5 11. Ng5 cxd4 12. cxd4 Nc6 13. Qd3 Nb4 14. Qe2 Be7 15. Ne4 O-O 16. Nbc3 f5 17. exf6 Bxf6 18. Nxf6+ Qxf6 19. a3 Nc6 20. Nxd5 exd5 21.
Be3 Rae8 22. Qd3 Re4 23. Rfe1 Nxd4 24. Rad1 Rfe8 25. Rf1 Nf5 26. Qxd5+ Qe6 27. Qxe6+ R8xe6 28. Bd2 Rd6 29. Bc3 Rxd1 30. Rxd1 d6 31. h3 Re2 32.
Kf1 Rc2 33. g4 Nh4 34. Rxd6 Nf3 35. Kg2 Ng5 36. Kg3 Ne4+ 37. Kf3 Nxd6 38. Kf4 Nb5 39. Ke5 Nxc3 40. bxc3 Rxc3 41. Kd6 Rxa3 42. Kd7 Rc3 43. Kd6 a5 44. Ke6 a4 45. Ke5 Rc5+ 46. Ke4 a3 47.
Kd3 a2 48. Kd2 a1=Q 49. Ke3 Qa4 50. Kd2 Qb4+ 0-1

[Event "*** Titled Tuesday Blitz"]
[Site "Chess.com"]
[Date "2020.05.19"]
[Round "6"]
[White "Radzio1987"]
[Black "1stSecond"]
[Result "1-0"]
[WhiteElo "2914"]
[BlackElo "2733"]
[TimeControl "180+1"]
[EndTime "13:09:48 PDT"]
[Termination "Radzio1987 won on time"]

1. c4 Nf6 2. Nc3 e6 3. e4 c5 4. e5 Ng8 5. Nf3 Nc6 6. d4 cxd4 7. Nxd4 Nxe5 8. Ndb5 a6 9. Nd6+ Bxd6 10. Qxd6 f6 11. Be3 Nf7 12. Qb4 Qe7 13. c5 Ngh6 14. Bd3 Ne5 15. Bc2 Nhf7 16. O-O-O b5 17. f4 Nc6 18.
Qe4 Bb7 19. Rhe1 f5 20. Qd3 Nb4 21. Qd2 Nxc2 22. Kxc2 b4 23. Na4 Be4+ 24. Kc1 Rc8 25. Qxb4 O-O 26. Nb6 Rc7 27. Rd4 Rb8 28. Rc4 Qh4 29.
b3 Bd3 30. g3 Qxh2 31. Rc3 Be4 32. Bd2 Qf2 33. a4 h5 34. a5 d6 35. cxd6 Rxc3+ 36.
Qxc3 Nxd6 37. Qc7 Rb7 38. Qxd6 Qxg3 39. Kb2 Bd5 40. Bc3 Qf2+ 41. Ka3 Qc2 42. Qb4 Be4 43. Qd4 Rc7 44. Bb2 Kh7 45. Re3 Qg2 46. Nd7 1-0

[Event "*** Titled Tuesday Blitz"]
[Site "Chess.com"]
[Date "2020.05.19"]
[Round "6"]
[White "Dhaydon19"]
[Black "tsvet2005"]
[Result "1-0"]
[WhiteElo "2726"]
[BlackElo "2515"]
[TimeControl "180+1"]
[EndTime "13:09:48 PDT"]
[Termination "Dhaydon19 won on time"]

1. d4 d5 2. Nf3 Nf6 3. g3 Bg4 4. Bg2 c6 5. O-O Nbd7 6. c3 e6 7. Nbd2 Be7 8. Re1 O-O 9. e4 a5 10. e5 Ne8 11. h3 Bh5 12. g4 Bg6 13. Nf1 Nc7 14. Ng3 c5 15. Be3 Na6 16. a3 Rc8 17. Bf1 Qb6 18. Re2 cxd4 19. cxd4 Rc7 20. h4 h6 21. h5 Bh7 22. g5 hxg5 23. Bxg5 Bxg5 24.
Nxg5 Rfc8 25. Nxh7 Kxh7 26. Rd2 Nf8 27. Bd3+ Kh8 28.
h6 g6 29. Qg4 Rc1+ 30. Rxc1 Rxc1+ 31. Kg2 Qd8 32. Qf4 Qe7 33. Nf1 Rc8 34. Ne3 Nh7 35.
Ng4 Qg5 36. Qxg5 Nxg5 37. f4 Nh7 38. Rc2 Rxc2+ 39. Bxc2 Nb8 40. Kf3 Nc6 41. Ke3 Ne7 42. Bd3 Nf5+ 43. Bxf5 gxf5 44. Nf2 Nf8 45. Nh3 Kh7 46.
Ng5+ Kxh6 47. Nxf7+ Kg7 48. Nd8 b6 49. Nc6 Kf7 50.
Na7 Nd7 51. Kf3 Ke7 52. Kg3 Kd8 53. Kh4 Kc7 54. Kg5 Kb7 55. Nb5 Kc6 56. Nc3 b5 57. Kg6 b4 58. axb4 axb4 59. Ne2 Kb5 60. b3 Nb6 61. Kf7 Nc4 62. Kxe6 Nd2 63. Nc1 1-0

[Event "*** Titled Tuesday Blitz"]
[Site "Chess.com"]
[Date "2020.05.19"]
[Round "6"]
[White "ecwinslow"]
[Black "vova-79"]
[Result "1/2-1/2"]
[WhiteElo "2207"]
[BlackElo "2408"]
[TimeControl "180+1"]
[EndTime "13:09:48 PDT"]
[Termination "Game drawn by repetition"]

1. e4 e6 2. d4 d5 3. Nd2 dxe4 4. Nxe4 Nd7 5. Nf3 Ngf6 6. Bd3 c5 7. dxc5 Nxe4 8.
Bxe4 Nxc5 9. Qxd8+ Kxd8 10. Nd2 Nxe4 11. Nxe4 f6 12. Be3 b6 13. O-O-O+ Kc7 14. f4 Bb7 15. Nc3 Bxg2 16. Rhg1 Bc6 17. a4 Rd8 18. Rxd8 Kxd8 19. a5 Kc7 20. axb6+ axb6 21. Ne2 g6 22. Nd4 Bd7 23.
c4 Bd6 24. h4 e5 25. fxe5 Bxe5 26. Nf3 Bd6 27. Kc2 Re8 28. Bd4 Re2+ 29. Kc3 Bc6 30. Rf1 Re6 31. b4 Bxf3 32. Rxf3 f5 33. Rf1 Re4 34. h5 Be5 35. Bxe5+ Rxe5 36. hxg6 hxg6 37. Rg1 Re6 38. Kd4 Kd6 39. Rf1 Re4+ 40. Kd3 Rg4 41. Ra1 Rg3+ 42. Kd4 Rg4+ 43. Kd3 f4 44. Ra6 Kc7 45.
Ra7+ Kc6 46. Rf7 g5 47. Rf6+ Kc7 48. c5 bxc5 49. bxc5 Rg1 50. Kd4 Rd1+ 51. Ke5 Rc1 52. Kd5 Rd1+ 53. Ke5 Re1+ 54. Kd5 Rd1+ 55. Ke5 1/2-1/2

[Event "*** Titled Tuesday Blitz"]
[Site "Chess.com"]
[Date "2020.05.19"]
[Round "6"]
[White "EnergeticHay"]
[Black "ajian"]
[Result "1/2-1/2"]
[WhiteElo "2157"]
[BlackElo "2313"]
[TimeControl "180+1"]
[EndTime "13:09:48 PDT"]
[Termination "Game drawn by repetition"]

1. e4 c5 2. Nf3 Nc6 3. d4 cxd4 4. Nxd4 Nf6 5. Nc3 e5 6. Ndb5 d6 7. Bg5 a6 8. Na3 b5 9. Nd5 Be7 10. Bxf6 Bxf6 11. c3 O-O 12. Nc2 Rb8 13. a4 bxa4 14.
Ncb4 Nxb4 15. cxb4 Bb7 16. Rxa4 Bg5 17. Bxa6 Bc6 18.
Bc4 Qd7 19. b5 Bxb5 20. Bxb5 Qxb5 21. Rb4 Qa6 22. Ra4 Qb5 23. Rb4 Qc5 24. Rxb8 Rxb8 25. b4 Qc4 26. Qe2 Qc1+ 27. Qd1 Qc4 28. Qe2 Rxb4 29. Nxb4 Qxb4+ 30. Kf1 Qb1+ 31. Qe1 Qd3+ 32. Qe2 Qb1+ 33. Qe1 Qd3+ 34. Kg1 g6 35. h4 Bd8 36. Rh3 Qd4 37. Kh2 Bb6 38. Rf3 Kg7 39. g3 Bc5 40. Kg2 Qc4 41. Qd1 Qe6 42. Qd5 Qxd5 43.
exd5 f5 44. Rc3 e4 45. Rb3 h6 46. Rb8 g5 47. hxg5 hxg5 48. Re8 Kf6 49. Kf1 f4 50. Ke2 Kf5 51. g4+ Kxg4 52. Rxe4 Kf5 53. f3 g4 54. Re6 gxf3+ 55. Kxf3 Kg5 56. Re4 Be3 57. Re6 Bc5 58. Re8 Kf5 59. Re6 Kg5 1/2-1/2

[Event "*** Titled Tuesday Blitz"]
[Site "Chess.com"]
[Date "2020.05.19"]
[Round "6"]
[White "Slovak_fighter2000"]
[Black "Kezin_Roman"]
[Result "0-1"]
[WhiteElo "2547"]
[BlackElo "2756"]
[TimeControl "180+1"]
[EndTime "13:09:49 PDT"]
[Termination "Kezin_Roman won by resignation"]

1. Nf3 d5 2. d4 Nf6 3. Bf4 c5 4. e3 Nc6 5. Nbd2 Bg4 6. c3 e6 7. Bb5 Nd7 8. h3 Bh5 9. Qa4 Qc8 10. O-O a6 11. Bxc6 Qxc6 12. Qxc6 bxc6 13. c4 cxd4 14.
exd4 Be7 15. Rac1 Nb6 16. Ne5 Rc8 17. g4 Bg6 18. Nxg6 hxg6 19. Kg2 Kd7 20. b3 Rhd8 21.
Nf3 c5 22. cxd5 Nxd5 23. Be3 f6 24. Rfd1 Nxe3+ 25. fxe3 Ke8 26. Kf2 cxd4 27. exd4 Ba3 28. Rc4 Rxc4 29. bxc4 Rb8 30. Rd2 Kd7 31. Ke3 Bc1 32.
Kd3 Bxd2 33. Nxd2 Rh8 34. c5 Rxh3+ 35. Kc4 Rg3 36. Kb4 Rxg4 37. Nb3 g5 38. Ka5 Rg2 39.
Kb6 Rxa2 40. Kb7 Rc2 41. Na5 g4 42. c6+ Kd6 43. Kb6 Rxc6+ 44. Nxc6 g3 45. Nd8 g2 46. Nb7+ Ke7 0-1

[Event "*** Titled Tuesday Blitz"]
[Site "Chess.com"]
[Date "2020.05.19"]
[Round "6"]
[White "noblerone"]
[Black "Gentle_Emperor"]
[Result "1-0"]
[WhiteElo "2449"]
[BlackElo "2289"]
[TimeControl "180+1"]
[EndTime "13:09:49 PDT"]
[Termination "noblerone won by resignation"]

1. d4 Nf6 2. Nf3 e6 3. Bg5 Be7 4. Nbd2 b6 5. e3 Bb7 6. Bd3 d6 7. a4 a6 8. c3 Nbd7 9. O-O O-O 10. e4 c5 11. Qe2 h6 12. Bh4 Re8 13. Rfd1 Qc7 14. Bg3 Nh5 15. Nf1 Nxg3 16. Nxg3 Nf6 17. Rac1 Rec8 18. h3 c4 19. Bc2 b5 20. axb5 axb5 21.
Nh2 Ra2 22. Bb1 Ra5 23. Ng4 b4 24. Nxf6+ Bxf6 25. Nh5 Be7 26. f4 g6 27. Ng3 bxc3 28. bxc3 Bh4 29. Nf1 Qd7 30. Nh2 f5 31. Nf3 Bf6 32. e5 Be7 33. exd6 Bxd6 34. Ne5 Bxe5 35. dxe5 Bd5 36. Qf2 Rb8 37. Rd2 Qa7 38. Rd4 Rab5 39.
Bc2 Qa3 40. Qd2 Rb2 41. Kh2 R8b3 42. Rxd5 exd5 43. Qxd5+ Kf8 44. Bxb3 cxb3 45. Rd1 Qe7 46. Qc6 Rc2 47. Qc8+ Kf7 48. Rd7 b2 49. Rxe7+ Kxe7 50. Qb7+ Ke6 51. Qb3+ Ke7 1-0

[Event "*** Titled Tuesday Blitz"]
[Site "Chess.com"]
[Date "2020.05.19"]
[Round "6"]
[White "Mimsychess"]
[Black "GMaka"]
[Result "0-1"]
[WhiteElo "2263"]
[BlackElo "2433"]
[TimeControl "180+1"]
[EndTime "13:09:49 PDT"]
[Termination "GMaka won on time"]

1. d4 e6 2. c4 b6 3. e4 Bb7 4. Bd3 Bb4+ 5. Bd2 a5 6. a3 Bxd2+ 7. Qxd2 d6 8. Nc3 e5 9. d5 Ne7 10. Nge2 Na6 11. b3 O-O 12. O-O Nc5 13. Bc2 f5 14. exf5 Nxf5 15. b4 Na6 16. Rab1 Qh4 17. Ne4 axb4 18. axb4 Qh6 19. Qxh6 Nxh6 20. Ng5 Bc8 21.
Bxh7+ Kh8 22. Bc2 Nf5 23. g3 g6 24. h4 Kg7 25. Rb2 Rb8 26. Ra1 b5 27. Rxa6 Bxa6 28.
Ne6+ Kf7 29. Nxf8 Rxf8 30. Ra2 Bb7 31. Ra7 Rb8 32. h5 Nd4 33. Bxg6+ Kf6 34. Nxd4 exd4 35.
cxb5 Bxd5 36. Rxc7 Rxb5 37. Bd3 Rxb4 38. Rc1 Rb3 39. Bg6 d3 40. Rd1 Bc4 41. g4 Kg5 42.
Bf5 Rb4 43. Kg2 Rb3 44. Kg3 Kf6 45. Kf4 Rb4 46. g5+ Kf7 47. Kg3 Rb3 48. Bg6+ Kg7 49. Re1 d2+ 0-1

[Event "*** Titled Tuesday Blitz"]
[Site "Chess.com"]
[Date "2020.05.19"]
[Round "6"]
[White "Eltaj_Safarli"]
[Black "Alexander_Moskalenko"]
[Result "1/2-1/2"]
[WhiteElo "2996"]
[BlackElo "2828"]
[TimeControl "180+1"]
[EndTime "13:09:50 PDT"]
[Termination "Game drawn - insufficient material"]

1. e4 e5 2. Nf3 Nc6 3. Bb5 a6 4. Ba4 d6 5. O-O Bd7 6. Re1 Nf6 7. c3 g6 8. d4 Bg7 9. h3 O-O 10. Nbd2 Re8 11. Bc2 b5 12. Nf1 exd4 13. cxd4 Nb4 14. Bb1 c5 15. dxc5 dxc5 16. e5 Nh5 17. g4 Bc6 18. N1h2 Qxd1 19. Rxd1 Rad8 20. Rf1 Nd3 21. gxh5 Nxe5 22. Nxe5 Bxe5 23. hxg6 hxg6 24. Ng4 Bg7 25. Bg5 Bxb2 26. Nf6+ Bxf6 27. Bxf6 Rd6 28. Bh4 Kg7 29.
Bg3 Rd2 30. a3 c4 31. Ra2 Rxa2 32. Bxa2 Re2 33. Bb1 f6 34. Bd6 a5 35. Rc1 Rb2 36.
Bc2 b4 37. axb4 axb4 38. Bxg6 Kxg6 39. Rxc4 Rb1+ 40. Kh2 Rh1+ 41. Kg3 b3 42. Rb4 Bd7 43. Bc5 Rxh3+ 44. Kg2 Rd3 45. Bd4 Kf5 46. Kh2 Be6 47. Be3 Rc3 48. Kg3 Rc2 49. Rb5+ Ke4 50. Rb4+ Kd3 51. Bd4 f5 52. Bf6 Kd2 53. Rb6 Bc4 54.
Kf4 Kc1 55. Kxf5 Rxf2+ 56. Kg6 Bd3+ 57. Kg7 Rxf6 58. Kxf6 b2 59. Rxb2 Kxb2 1/2-1/2

[Event "*** Titled Tuesday Blitz"]
[Site "Chess.com"]
[Date "2020.05.19"]
[Round "6"]
[White "CHESSMASTER759"]
[Black "Anton_Demchenko"]
[Result "1-0"]
[WhiteElo "2667"]
[BlackElo "2822"]
[TimeControl "180+1"]
[EndTime "13:09:50 PDT"]
[Termination "CHESSMASTER759 won on time"]

1. e4 e5 2. Nf3 Nc6 3. Bc4 Nf6 4. O-O Nxe4 5. Bb5 Nf6 6. Bxc6 dxc6 7. Nxe5 Be7 8. Re1 O-O 9. d4 c5 10. Be3 Nd5 11. Nc3 Nxe3 12. fxe3 cxd4 13. exd4 f6 14. Nf3 Bf5 15. Qe2 Rf7 16. Rad1 Qd7 17. Qf2 Bb4 18. Re3 Re8 19. Rxe8+ Qxe8 20. Nd5 Bd6 21.
Ne3 Bc8 22. c4 c6 23. Nh4 g6 24. Nf3 Re7 25. Re1 Bf4 26. Nf1 Rxe1 27. Qxe1 Qxe1 28. Nxe1 Bc7 29. Kf2 Kf7 30. g3 h5 31. Ne3 Bb6 32. c5 Bc7 33. b4 g5 34. Nf3 Be6 35. a4 a5 36. b5 Bb3 37. b6 Bb8 38. h4 gxh4 39.
gxh4 Ke6 40. Nd2 Bxa4 41. Ndc4 Bb5 42. Nxa5 Ba6 43. Kf3 f5 44. Nb3 Bd3 45. Na5 Ba6 46. Nb3 f4 47. Ng2 Kf5 48. d5 cxd5 49. Nd4+ Ke5 50.
c6 1-0